 Dungeon Crawl Stone Soup version 0.30.0-29-ga12c61a403 (webtiles) character file.

Game seed: 16733679458193433822

526 BONEBRO the Cleaver (level 7, -1/57 HPs)
             Began as a Hill Orc Monk on June 16, 2023.
             Slain by Duvessa
             ... wielding a +0 short sword
              (8 damage)
             ... on level 5 of the Dungeon.
             The game lasted 00:11:30 (4240 turns).

BONEBRO the Cleaver (Hill Orc Monk)                 Turns: 4240, Time: 00:11:31

Health: -1/57      AC: 10    Str: 16    XL:     7   Next: 23%
Magic:  0/7        EV: 10    Int: 10    God:
Gold:   310        SH:  0    Dex: 13    Spells: 6/6 levels left

rFire   . . .        g - +0 war axe
rCold   . . .        d - orb {light}
rNeg    . . .        C - +2 scale mail {rPois}
rPois   +            (no helmet)
rElec   .            p - +0 cloak
rCorr   .            y - +0 pair of gloves
SInv    .            (no boots)
Will    .....        x - amulet of guardian spirit Stlth
                     (no ring)
HPRegen 0.29/turn    (no ring)
MPRegen 0.10/turn

%: guardian spirit
@: glowing
A: no striking features
a: no special abilities


You were on level 5 of the Dungeon.
You visited 1 branch of the dungeon, and saw 5 of its levels.

You collected 332 gold pieces.
You spent 22 gold pieces at shops.

Inventory:

Hand Weapons
 a - a +0 hand axe
 g - a +0 war axe (weapon)
 h - a +0 dagger
Armour
 d - an orb of light (worn)
 o - an orb of wrath
 p - a +0 cloak (worn)
 y - a +0 pair of gloves (worn)
 C - a +2 scale mail of poison resistance (worn)
Jewellery
 x - an amulet of guardian spirit (around neck)
Wands
 s - a wand of flame (9)
Scrolls
 b - a scroll of silence {unknown}
 j - a scroll of fear {unknown}
 l - 2 scrolls of immolation
 n - a scroll of amnesia {unknown}
 t - a scroll of vulnerability {unknown}
 u - a scroll of brand weapon {unknown}
 v - 2 scrolls of teleportation
 B - a scroll of noise {unknown}
Potions
 c - a potion of ambrosia
 e - a potion of flight {unknown}
 f - a potion of lignification {unknown}
 i - 3 potions of attraction
 k - 2 potions of might
 m - a potion of berserk rage {unknown}
 q - a potion of heal wounds {unknown}
 r - a potion of cancellation {unknown}
 w - 2 potions of curing
 z - 2 potions of haste
 A - a potion of degeneration {unknown}


   Skills:
 - Level 3.6 Fighting
 - Level 10.0 Axes
 + Level 2.5 Armour
 - Level 2.4 Dodging


You had 6 spell levels left.
You didn't know any spells.
Your spell library contained the following spells:

 Spells                   Type           Power      Damage    Failure   Level
 Freeze                   Ice            0%         1d3       80%         1
 Cigotuvi's Dreadful Rot  Necr/Pois/Air  0%         N/A       90%         2
 Frozen Ramparts          Ice            0%         1d1       99%         3
 Hailstorm                Conj/Ice       0%         3d3       99%         3
 Dispel Undead            Necr           0%         3d6       100%        4
 Death Channel            Necr           0%         N/A       100%        6


Dungeon Overview and Level Annotations

Branches:
Dungeon (5/15)
 Temple: D:4-7

Altars:
Nemelex Xobeh
Sif Muna

Shops:
D:1 :(   D:4 ?=

Annotations:
D:5 Duvessa


Message History

You hit Dowan.
You kill Dowan!
You hear a distant scream of rage.
Duvessa, Sister of Dowan comes into view.
She is wielding a +0 short sword.
Your Armour skill increases to level 2!
Things that are here:
a +0 dagger; a +0 robe Duvessa shouts!
Duvessa goes berserk!
Things that are here:
a +0 dagger; a +0 robe You slash Duvessa!
Duvessa is lightly wounded.
Duvessa hits you with a +0 short sword! Duvessa hits you with a +0 short sword.
You hit Duvessa but do no damage.
Duvessa is lightly wounded.
Duvessa hits you with a +0 short sword!
You slash Duvessa!
Duvessa is moderately wounded.
Duvessa closely misses you. Duvessa hits you with a +0 short sword.
You slash Duvessa!
Duvessa is severely wounded.
Duvessa hits you with a +0 short sword.
You hit Duvessa.
Duvessa is severely wounded.
Duvessa barely misses you. Duvessa hits you with a +0 short sword.
You slash Duvessa!
Duvessa is almost dead.
Duvessa hits you with a +0 short sword!
You feel better. Duvessa hits you but does no damage.
Duvessa hits you with a +0 short sword!
* * * LOW HITPOINT WARNING * * *
You hit Duvessa but do no damage.
Duvessa is almost dead.
Duvessa hits you with a +0 short sword!
* * * LOW HITPOINT WARNING * * *
You hit Duvessa.
Duvessa is almost dead.
Duvessa hits you with a +0 short sword!
You die...

.........>..#
##....###...# #....#
#...#######
##.#.###..........
##...........# #..
......#####..# #.#
##..#.# ##..###.#
#..#.# #.....#.#
#..#.####.....#@###.#
#..#.#..........e=..#
#..#.#.##.....#######
.....# #.....# ##.###
###.### #.# #.# #.#
#.


You could see Duvessa (berserk).

Vanquished Creatures
  A bullfrog (D:5)
  A scorpion (D:4)
  Dowan (D:5)
  Crazy Yiuf (D:4)
  A bullfrog skeleton (D:4)
  A centaur skeleton (D:4)
  An iguana (D:3)
  Natasha (thrice) (D:4)
  2 hound skeletons (D:4)
  2 adders (D:4)
  An ufetubus (D:5)
  A spectral adder (D:4)
  An adder skeleton (D:4)
  2 worms (D:2)
  3 dart slugs
  5 orcs (D:3)
  8 bats
  7 endoplasms
  5 giant cockroaches
  8 goblins
  6 hobgoblins
  10 jackals
  3 quokkas
  7 ball pythons
  7 frilled lizards
  10 kobolds
  A rat (D:1)
99 creatures vanquished.

Notes
Turn   | Place    | Note
-------+----------+-------------------------------------------
     0 | D:1      | BONEBRO the Hill Orc Monk began the quest for the Orb.
     0 | D:1      | Reached XP level 1. HP: 19/19 MP: 1/1
   299 | D:1      | Reached XP level 2. HP: 26/26 MP: 2/2
   343 | D:1      | Reached skill level 5 in Axes
   390 | D:1      | Found Tunuokej's Weapon Boutique.
   616 | D:1      | Found Fevak's Book Shop.
   713 | D:1      | Reached XP level 3. HP: 31/31 MP: 3/3
  1068 | D:2      | Reached skill level 6 in Axes
  1382 | D:2      | Reached XP level 4. HP: 29/39 MP: 4/4
  2552 | D:3      | Reached skill level 7 in Axes
  2741 | D:3      | Found a shimmering blue altar of Sif Muna.
  2794 | D:3      | Found a sparkling altar of Nemelex Xobeh.
  2924 | D:4      | Found Hainlena's Magic Scroll Shoppe.
  2928 | D:4      | Bought a scroll of identify for 22 gold pieces
  2931 | D:4      | Noticed a scorpion
  2941 | D:3      | Reached XP level 5. HP: 40/45 MP: 5/5
  2964 | D:4      | Reached skill level 8 in Axes
  3302 | D:4      | Noticed Natasha
  3323 | D:4      | Killed Natasha
  3336 | D:4      | Reached XP level 6. HP: 48/51 MP: 4/6
  3361 | D:4      | Reached skill level 9 in Axes
  3394 | D:4      | Identified the +8 dagger "Enah" {pain, Drain rPois Int+5}
  3447 | D:4      | Found Aguci's Jewellery Emporium.
  3605 | D:4      | Noticed Natasha
  3612 | D:4      | Killed Natasha
  3751 | D:4      | Noticed Natasha
  3758 | D:4      | Killed Natasha
  3864 | D:4      | Found a runed translucent door.
  3865 | D:4      | Noticed Crazy Yiuf
  3874 | D:4      | Paralysed by Crazy Yiuf for 3 turns
  3879 | D:4      | Killed Crazy Yiuf
  4064 | D:5      | Entered Level 5 of the Dungeon
  4085 | D:5      | Reached skill level 10 in Axes
  4085 | D:5      | Reached skill level 1 in Armour
  4085 | D:5      | Reached XP level 7. HP: 48/57 MP: 5/7
  4219 | D:5      | Noticed Dowan
  4228 | D:5      | Killed Dowan
  4228 | D:5      | Noticed Duvessa
  4240 | D:5      | Slain by Duvessa

Illustrated notes

Levels and vault maps discovered:
D:1:      minmay_arrival_widening_spiral_narrow, layout_basic, serial_shops,
          shop, nicolae_shop_trees, minivault_27, nicolae_figureground_pulse
D:2:      kennysheep_six_static_rooms, layout_loops_corners
D:3:      layout_loops_ring, lemuel_coloured_pillars_altar,
          mainiacjoe_overflow_alcove_1, minmay_unequal
D:4:      layout_gridville, serial_shops, shop, nicolae_shop_real_fake_doors,
          dilly_guarded_unrand_morg, uniq_crazy_yiuf_cottage
D:5:      layout_loops_ring, minmay_tree_intersection, serial_bayou_lake_a,
          uniq_duvessa, uniq_eustachio, uniq_grinder

Skill      XL: |  1  2  3  4  5  6  7 |
---------------+----------------------+-----
Axes           | 5 6 7 8 10 | 10.0
Armour         | 1 2 |  2.5
Fighting       | |  3.6
Dodging        | |  2.4

Action                     |  1- 3 |  4- 6 |  7- 9 || total
---------------------------+-------+-------+-------++-------
  Melee: Hand axe          |    37 |       |       ||    37
         War axe           |    59 |   141 |    18 ||   218
    Use: Scroll            |       |     6 |       ||     6
         Potion            |       |     1 |     1 ||     2
 Armour: Robe              |    17 |       |       ||    17
         Chain mail        |     8 |    38 |       ||    46
         Leather armour    |     1 |       |       ||     1
         Scale mail        |       |    36 |     7 ||    43
  Dodge: Dodged            |    61 |    47 |    11 ||   119
